 Dungeon Sprint DCSS version 0.21-a0-225-g207ae17 (webtiles) character file.

5058 Kidiri the Eclecticist (level 10, -9/60 HPs)
             Began as a Deep Elf Fire Elementalist on Aug 28, 2017.
             Was the Champion of Vehumet.
             Mangled by a guardian mummy (19 damage)
             ... in the Dungeon (Sprint VII: "The Pits").
             The game lasted 00:18:03 (1395 turns).

Kidiri the Eclecticist (Deep Elf Fire Elementalist) Turns: 1395, Time: 00:18:03

Health: -9/60      AC:  7    Str:  5    XL:     10   Next: 31%
Magic:  27/31      EV: 19    Int: 24    God:    Vehumet [******]
Gold:   0          SH:  0    Dex: 18    Spells: 10/39 levels left

rFire    . . .     SeeInvis .   t - +2 rapier (drain)
rCold    . . .     Gourm    .   (no shield)
rNeg     . . .     Faith    .   a - +1 robe
rPois    .         Spirit   .   (no helmet)
rElec    .         Reflect  .   (no cloak)
rCorr    .         Harm     .   (no gloves)
MR       +....     NoTele   +   k - +0 pair of boots
Stlth    ++........             (no amulet)
HPRegen  0.20/turn              i - +3 ring of dexterity
MPRegen  0.22/turn              r - +3 ring of protection

@: very slightly contaminated
A: no striking features
a: Renounce Religion


You were in the Dungeon.
You worshipped Vehumet.
Vehumet was exalted by your worship.
You were near starving.

You visited 1 branch

Inventory:

Hand Weapons
 j - a +0 dagger of protection
 t - a +2 rapier of draining (weapon)
 v - a +0 giant club
 w - a +0 giant spiked club
Armour
 a - a +1 robe (worn)
 k - a +0 pair of boots (worn)
 u - a +0 robe of positive energy
 x - a +0 robe
Jewellery
 i - a +3 ring of dexterity (left hand)
 r - a +3 ring of protection (right hand)
Scrolls
 m - 3 scrolls of remove curse
 n - 2 scrolls of amnesia
 o - a scroll of summoning
Potions
 d - 7 potions of curing
 e - 8 potions of heal wounds
 f - a potion of haste
 h - 4 potions of berserk rage
 l - 2 potions of invisibility
 s - a potion of brilliance
Books
 b - a book of Flames

   Spells                             Type                      Level
   a - Flame Tongue                   Conjuration/Fire             1
   b - Throw Flame                    Conjuration/Fire             2
   c - Conjure Flame                  Conjuration/Fire             3
   d - Inner Flame                    Hexes/Fire                   3
   e - Sticky Flame                   Conjuration/Fire             4
   f - Fireball                       Conjuration/Fire             5
Comestibles
 c - 8 bread rations
 p - 40 fruits
 q - 7 meat rations
 z - 5 chunks of flesh


   Skills:
 + Level 6.2 Fighting
 + Level 7.4 Short Blades
 + Level 6.2 Armour
 + Level 9.3 Dodging
 - Level 2.4 Stealth
 * Level 15.4 Spellcasting
 + Level 9.7 Conjurations
 + Level 10.1 Fire Magic
 + Level 7.5 Ice Magic
 + Level 6.3 Air Magic


You had 10 spell levels left.
You knew the following spells:

 Your Spells              Type           Power        Failure   Level  Hunger
a - Flame Tongue          Conj/Fire      #####        1%          1    None
b - Throw Flame           Conj/Fire      ######       1%          2    None
c - Conjure Flame         Conj/Fire      ######..     1%          3    None
d - Inner Flame           Hex/Fire       #####...     1%          3    None
e - Sticky Flame          Conj/Fire      ######..     1%          4    None
f - Fireball              Conj/Fire      ######....   1%          5    ##.....
g - Bolt of Cold          Conj/Ice       ######....   3%          6    ####...
h - Lightning Bolt        Conj/Air       ######....   1%          5    ##.....


Dungeon Overview and Level Annotations

Branches:
Dungeon (1/1)

Altars:
Ashenzari
Cheibriados
Dithmenos
Elyvilon
Fedhas
Gozag
Hepliaklqana
Kikubaaqudgha
Makhleb
Nemelex Xobeh
Okawaru
Qazlal
Ru
Sif Muna
Trog
Uskayaw
Vehumet
Wu Jian
Xom
Yredelemnul
Zin
The Shining One
Beogh
Jiyva
Lugonu

Annotations:
D Joseph


Message History

Casting: Bolt of Cold
Confirm with . or Enter, or press ? or * to list all spells.
Okay, then.
Casting: Bolt of Cold
Confirm with . or Enter, or press ? or * to list all spells.
Aiming: Sticky Flame
Press: ? - help, Shift-Dir - straight line, f - deep elf knight, p - Joseph
Aim: a deep elf knight, wielding a long sword (fast)
The sticky flame hits the deep elf knight.
The deep elf knight is moderately wounded.
The deep elf knight is covered in liquid flames!
The deep elf knight shouts!
The deep elf knight burns!
The wolf bites you.
* * * LOW HITPOINT WARNING * * *
The deep elf knight barely misses you. The wolf bites you.
* * * LOW HITPOINT WARNING * * *
The deep elf knight moves out of view.
The wolf bites you.
* * * LOW HITPOINT WARNING * * *
The guardian mummy hits you!!
You die...

....##..# <...##..#### #'#
### ....##..#..#####.## ..
....##..#...e##...#..
....##..'.....#...#.
######..'.....e...'
######..'....)#{@o#
..[.##..#....##Meh#
..[[##..#..#####@## #
..))##..####..)#h######h..#
..))##..##.....%oh.lhh..#
..))##..#.......†4..hh.##
########################


You could see Joseph, a deep elf knight (burning), a hellwing, a guardian mummy,
2 deep elf magi, 3 wolves and 2 orcs.

Vanquished Creatures
  Erica (D)
  A two-headed ogre (D)
  Sonja (D)
  A deep elf mage (D)
  A komodo dragon (D)
  An efreet (D)
  A tyrant leech (D)
  A spriggan (D)
  A small abomination (D)
  3 wyverns (D)
  2 wargs (D)
  An acid dragon (D)
  A floating eye (D)
  A black bear (D)
  A sky beast (D)
  4 wolves (D)
  2 centaurs (D)
  An orc priest (D)
  A hound (D)
  5 orc wizards (D)
  A worker ant (D)
  A mummy (D)
  2 gnolls (D)
  An ufetubus (D)
  An adder zombie (D)
  An adder skeleton (D)
  A leopard gecko (D)
  4 orcs (D)
  A goblin (D)
  A jackal (D)
  2 quokkas (D)
  A bat (D)
48 creatures vanquished.

Notes
Turn   | Place    | Note
-------+----------+-------------------------------------------
     0 | D        | Kidiri the Deep Elf Fire Elementalist began the quest for the Orb.
     0 | D        | Reached XP level 1. HP: 10/10 MP: 6/6
    49 | D        | Found a bloodstained altar of Trog.
    49 | D        | Found a deep blue altar of Sif Muna.
    49 | D        | Found a viscous altar of Jiyva.
    49 | D        | Found a hazy altar of Hepliaklqana.
    49 | D        | Found an opulent altar of Gozag.
    50 | D        | Found a glowing golden altar of the Shining One.
    50 | D        | Found a glowing silver altar of Zin.
    50 | D        | Found a basalt altar of Yredelemnul.
    50 | D        | Found a shimmering altar of Xom.
    50 | D        | Found an ornate altar of the Wu Jian Council.
    50 | D        | Found a sacrificial altar of Ru.
    50 | D        | Found a stormy altar of Qazlal.
    50 | D        | Found an iron altar of Okawaru.
    50 | D        | Found a sparkling altar of Nemelex Xobeh.
    50 | D        | Found a burning altar of Makhleb.
    50 | D        | Found a blossoming altar of Fedhas.
    50 | D        | Found a white marble altar of Elyvilon.
    50 | D        | Found a shadowy altar of Dithmenos.
    50 | D        | Found a snail-covered altar of Cheibriados.
    52 | D        | Found a radiant altar of Vehumet.
    52 | D        | Found a corrupted altar of Lugonu.
    52 | D        | Found a roughly hewn altar of Beogh.
    53 | D        | Found a hide-covered altar of Uskayaw.
    53 | D        | Found an ancient bone altar of Kikubaaqudgha.
    53 | D        | Found a shattered altar of Ashenzari.
    60 | D        | Became a worshipper of Vehumet
    76 | D        | Noticed a floating eye
    80 | D        | Reached skill level 4 in Spellcasting
    83 | D        | Paralysed by a floating eye for 2 turns
    85 | D        | Killed a floating eye
    85 | D        | Reached skill level 8 in Spellcasting
    85 | D        | Reached skill level 5 in Fire Magic
    85 | D        | Reached XP level 2. HP: 15/15 MP: 0/13
    85 | D        | Reached XP level 3. HP: 19/19 MP: 0/15
    85 | D        | Reached XP level 4. HP: 24/24 MP: 0/16
    89 | D        | Learned a level 2 spell: Throw Flame
    93 | D        | Learned a level 3 spell: Conjure Flame
    97 | D        | Learned a level 3 spell: Inner Flame
   102 | D        | Learned a level 4 spell: Sticky Flame
   192 | D        | Reached * piety under Vehumet
   192 | D        | Offered knowledge of Freeze by Vehumet.
   192 | D        | Reached skill level 9 in Spellcasting
   319 | D        | Noticed a black bear
   322 | D        | Killed a black bear
   322 | D        | Reached skill level 1 in Fighting
   322 | D        | Reached skill level 1 in Armour
   322 | D        | Reached skill level 10 in Spellcasting
   322 | D        | Reached skill level 5 in Conjurations
   322 | D        | Reached XP level 5. HP: 30/30 MP: 4/19
   322 | D        | Reached ** piety under Vehumet
   420 | D        | Learned a level 5 spell: Fireball
   422 | D        | Learned a level 1 spell: Freeze
   422 | D        | Noticed a warg
   422 | D        | Noticed a wolf
   428 | D        | Noticed a sky beast
   433 | D        | Killed a warg
   433 | D        | Offered knowledge of Shock by Vehumet.
   433 | D        | Reached XP level 6. HP: 13/36 MP: 11/21
   438 | D        | Reached *** piety under Vehumet
   438 | D        | Reached skill level 5 in Dodging
   438 | D        | Reached skill level 11 in Spellcasting
   444 | D        | Learned a level 1 spell: Shock
   456 | D        | Offered knowledge of Throw Frost by Vehumet.
   462 | D        | Reached **** piety under Vehumet
   536 | D        | Learned a level 2 spell: Throw Frost
   557 | D        | Offered knowledge of Force Lance by Vehumet.
   557 | D        | Reached skill level 1 in Air Magic
   557 | D        | Reached XP level 7. HP: 41/41 MP: 19/24
   582 | D        | Reached ***** piety under Vehumet
   763 | D        | Noticed Sonja
   775 | D        | Killed Sonja
   775 | D        | Offered knowledge of Lightning Bolt by Vehumet.
   775 | D        | Reached skill level 5 in Short Blades
   775 | D        | Reached skill level 12 in Spellcasting
   775 | D        | Reached XP level 8. HP: 48/48 MP: 15/26
   783 | D        | Learned a level 5 spell: Lightning Bolt
   832 | D        | Offered knowledge of Ozocubu's Refrigeration by Vehumet.
   861 | D        | Noticed Erica
   861 | D        | Noticed a deep elf mage
   946 | D        | Killed a deep elf mage
   946 | D        | Reached skill level 13 in Spellcasting
   946 | D        | Reached skill level 5 in Ice Magic
   948 | D        | Killed Erica
   948 | D        | Reached skill level 5 in Fighting
   948 | D        | Reached skill level 5 in Armour
   948 | D        | Reached XP level 9. HP: 17/54 MP: 25/28
  1159 | D        | Noticed a komodo dragon
  1161 | D        | Reached skill level 14 in Spellcasting
  1161 | D        | Killed a komodo dragon
  1161 | D        | Offered knowledge of Bolt of Cold by Vehumet.
  1161 | D        | Reached skill level 5 in Air Magic
  1175 | D        | Learned a level 6 spell: Bolt of Cold
  1315 | D        | Noticed a two-headed ogre
  1315 | D        | Noticed an efreet
  1317 | D        | Killed an efreet
  1321 | D        | Killed a two-headed ogre
  1321 | D        | Reached XP level 10. HP: 50/60 MP: 18/30
  1323 | D        | Reached skill level 15 in Spellcasting
  1356 | D        | Reached ****** piety under Vehumet
  1356 | D        | Offered knowledge of Yara's Violent Unravelling by Vehumet.
  1356 | D        | Reached skill level 10 in Fire Magic
  1388 | D        | Noticed Joseph
  1391 | D        | Noticed a deep elf knight
  1394 | D        | Noticed a great orb of eyes
  1395 | D        | Noticed a deep elf knight
  1395 | D        | Mangled by a guardian mummy

Vault maps used:
D:        pitsprint

Skill      XL: |  1  2  3  4  5  6  7  8  9 10 |
---------------+-------------------------------+-----
Spellcasting   | 8 10 11 12 13 14 15 | 15.4
Conjurations   | 4 5 6 7 8 9 |  9.7
Fire Magic     | 5 6 7 8 9 10 | 10.1
Fighting       | 1 2 3 4 5 6 |  6.2
Short Blades   | 2 3 5 6 7 |  7.4
Armour         | 1 2 3 4 5 6 |  6.2
Dodging        | 3 4 5 6 7 8 9 |  9.3
Ice Magic      | 2 4 6 7 |  7.5
Air Magic      | 1 3 4 5 6 |  6.3
Stealth        | |  2.4

Action                   |  1- 3 |  4- 6 |  7- 9 | 10-12 || total
-------------------------+-------+-------+-------+-------++-------
Melee: Dagger            |       |     5 |     1 |       ||     6
       Rapier            |       |       |       |    21 ||    21
 Cast: Flame Tongue      |     8 |    19 |    35 |    10 ||    72
       Inner Flame       |       |     3 |     2 |       ||     5
       Conjure Flame     |       |     6 |     4 |       ||    10
       Sticky Flame      |       |     4 |     3 |     5 ||    12
       Throw Flame       |       |       |     1 |       ||     1
       Lightning Bolt    |       |       |     4 |     2 ||     6
       Fireball          |       |       |     2 |       ||     2
       Throw Frost       |       |       |     1 |       ||     1
       Bolt of Cold      |       |       |     2 |     5 ||     7
  Use: Potion            |       |     2 |     6 |     6 ||    14
       Scroll            |       |       |     4 |       ||     4
 Stab: Sleeping          |       |     2 |       |       ||     2
  Eat: Chunk             |       |       |     2 |       ||     2
Armor: Robe              |     1 |     1 |       |    10 ||    12
Dodge: Dodged            |     2 |    12 |    32 |    57 ||   103

Table legend:
 A = Spawn XP
 B = Non-spawn XP
 C = Spawn XP percentage of total XP
 D = Spawn monster count
 E = Non-spawn monster count
 F = Spawn count percentage of total count
 G = Total turns spent on level
                    A         B        C        D         E        F      G
               +---------+---------+-------+---------+---------+-------+---------
         Total |       0 |    7226 |   0.0 |       0 |      48 |   0.0 |  1395
               +---------+---------+-------+---------+---------+-------+---------
             D |       0 |    7226 |   0.0 |       0 |      48 |   0.0 |  1395
               +---------+---------+-------+---------+---------+-------+---------
